 Dungeon Sprint DCSS version 0.31-a0-675-g238779eb0a (webtiles) character file.

Game seed: 17663419143678421829

2871 sircluck the Grappler (level 9, -6/105 HPs)
             Began as a Troll Berserker on Sept 5, 2023.
             Was a High Priest of Trog.
             Shot with an arrow by a centaur warrior (10 damage)
             ... in the Dungeon (Sprint II: "The Violet Keep of Menkaure").
             The game lasted 00:03:17 (313 turns).

sircluck the Grappler (Troll Berserker)              Turns: 313, Time: 00:03:18

Health: -6/105     AC:  4    Str: 31    XL:     9   Next: 47%
Magic:  8/8        EV: 12    Int:  3    God:    Trog [*****.]
Gold:   727        SH:  0    Dex:  9    Spells: 8/8 levels left

rFire   . .          .
                       - Unarmed
rCold   . . .        (no shield)
rNeg    . . .        a - +0 animal skin
rPois   .            (helmet restricted)
rElec   .            (no cloak)
rCorr   .            (gloves unavailable)
SInv    .            (boots unavailable)
Will    .....        (no amulet)
Stlth   +            h - ring of flight
HPRegen 1.17/turn    (no ring)
MPRegen 0.11/turn

%: no teleportation
@: on berserk cooldown, flying, slowed, very slow
A: large, unfitting armour, claws 3, regeneration 1, shaggy fur 1, tough skin 1
a: Renounce Religion, Berserk, Trog's Hand, Brothers in Arms


You were in the Dungeon.
You worshipped Trog.
Trog was extremely pleased with you.
You visited 1 branch You collected 972 gold pieces.
You spent 245 gold pieces at shops.

Inventory:

Armour
 a - a +0 animal skin (worn)
Jewellery
 h - a ring of flight (left claw)
Scrolls
 g - a scroll of blinking
Potions
 b - 2 potions of curing
 c - a potion of heal wounds
 d - a potion of haste
 e - 2 potions of magic
 f - a potion of berserk rage


   Skills:
 + Level 11.2 Fighting
 + Level 11.1 Dodging
 + Level 13.1 Unarmed Combat


You had 8 spell levels left.
You didn't know any spells.
Your spell library was empty.

Dungeon Overview and Level Annotations

Branches:
Dungeon (1/1)

Altars:

Shops:
D ?(:([((!=[!(=!:

Annotations:
D exclusion: oklob plant, Roxanne


Innate Abilities, Weirdness & Mutations

You are too large for most types of armour.
You have claws for hands.
Your natural rate of healing is unusually fast.
You are covered in fur. (AC +1)
You have tough skin. (AC +1)


Message History

The skeletal warrior hits you from afar with a +1 trident of freezing!
* * * LOW HITPOINT WARNING * * *
The skeletal warrior freezes you.
* * * LOW HITPOINT WARNING * * *
Kirke gestures at you while chanting.
You feel yourself slow down.
Unknown command.
You swap places.
You enter the shallow water.
Moving in this stuff is going to be slow.
Kirke barely misses your troll.
Your troll bites Kirke!!
Kirke dies!
Trog accepts your kill.
Trog appreciates your killing of a magic user.
Trog will now gift you melee weapons as you gain piety.
You feel less porcine.
Your +0 animal skin unmelds from your body.
Your ring of flight unmelds from your body.
You fly up into the air.
Your life force feels restored.
Your Fighting skill increases to level 11!
Your Dodging skill increases to level 11!
Your Unarmed Combat skill increases to level 13!
You have reached level 9!
Your experience leads to an increase in your attributes!
Increase (S)trength, (I)ntelligence, or (D)exterity?
You feel stronger. x3
Unknown command.
Unknown command.
You feel a strong urge to attack something.
You are no longer berserk.
You are exhausted.
You feel as though you will be slow longer.
Your troll rages.
The kobold demonologist casts a spell.
The yaktaur captain wields a +0 arbalest.
The yaktaur captain shoots a bolt.
The bolt hits your troll!!
The centaur warrior wields a +0 shortbow.
The centaur warrior shoots an arrow.
The arrow barely misses your troll. The arrow hits you!
You die...

####+#### ##..~.~~.##
.~~..~~.~## ### §§§8~~~..#
#5Yc#### ~..§~.. #K5cT.~##
~~.~
############@~#+++#+++##
###########~~~.........#
##.......∩#~~~~.##'##..#
##∩.....∩.#~~~~##.#.## # ##
##.∩...∩.∩#~~~~#..#..# .#
##∩.∩.∩...#~~#####†##### .##
##.∩.∩.∩..#~##.###'###.##..#
##..∩.∩...#~#†..##.##...#..#
##...⌠....'~'.##'.<.'.##'..#


You could see a yaktaur captain (ally target), an elephant, a centaur warrior, a
kobold demonologist, a quasit (summoned), a white imp (summoned) and a friendly
troll (summoned, berserk).

Vanquished Creatures
  2 boulder beetles (D)
  Menkaure (D)
  A water moccasin (D)
  4 necrophages (D)
  4 scorpions (D)
  A hell rat (D)
  3 worms (D)
16 creatures vanquished.

Vanquished Creatures (collateral kills)
  Kirke (D)
1 creature vanquished.

Grand Total: 17 creatures vanquished

Notes
Turn   | Place    | Note
-------+----------+-------------------------------------------
     0 | D        | sircluck the Troll Berserker began the quest for the Orb.
     0 | D        | Reached XP level 1. HP: 22/22 MP: 0/0
     1 | D        | Noticed a scorpion
     1 | D        | Noticed a scorpion
     7 | D        | Killed a scorpion
     8 | D        | Reached skill level 5 in Unarmed Combat
     8 | D        | Reached XP level 2. HP: 17/32 MP: 1/1
     8 | D        | Reached XP level 3. HP: 21/39 MP: 2/2
     9 | D        | Killed a scorpion
    10 | D        | Reached skill level 5 in Fighting
    10 | D        | Reached skill level 5 in Dodging
    10 | D        | Reached skill level 6 in Unarmed Combat
    10 | D        | Reached XP level 4. HP: 28/50 MP: 3/3
    10 | D        | Noticed a scorpion
    10 | D        | Noticed a scorpion
    14 | D        | Killed a scorpion
    14 | D        | Reached ** piety under Trog
    15 | D        | Reached XP level 5. HP: 37/59 MP: 4/4
    22 | D        | Reached skill level 7 in Unarmed Combat
    26 | D        | Noticed Roxanne
    28 | D        | Noticed Menkaure
    28 | D        | Noticed a water moccasin
    35 | D        | Killed Menkaure
    36 | D        | Reached skill level 8 in Unarmed Combat
    36 | D        | Reached XP level 6. HP: 60/71 MP: 5/5
    37 | D        | Killed a water moccasin
    37 | D        | Reached *** piety under Trog
    38 | D        | Reached skill level 9 in Unarmed Combat
    38 | D        | Found Peuf's Distillery.
    38 | D        | Found Esesuh's Book Emporium.
    39 | D        | Found Tiju's Jewellery Shoppe.
    40 | D        | Found Tiwoor's Distillery.
    40 | D        | Found Dismok's Antique Weapon Emporium.
    42 | D        | Found Nenamiag's Jewellery Shoppe.
    42 | D        | Found Mefoxum's Antique Armour Emporium.
    44 | D        | Found Wuzevyat's Distillery.
    46 | D        | Found Ypeotit's Antique Weapon Emporium.
    46 | D        | Found Amiubar's Weapon Shoppe.
    47 | D        | Noticed a polar bear
    48 | D        | Noticed a polar bear
    53 | D        | Noticed a fire dragon
    78 | D        | Reached XP level 7. HP: 63/80 MP: 6/6
    83 | D        | Reached **** piety under Trog
   114 | D        | Reached ***** piety under Trog
   124 | D        | Noticed a boulder beetle
   124 | D        | Noticed a boulder beetle
   137 | D        | Killed a boulder beetle
   138 | D        | Reached skill level 11 in Unarmed Combat
   138 | D        | Reached XP level 8. HP: 92/92 MP: 7/7
   141 | D        | Killed a boulder beetle
   142 | D        | Reached skill level 10 in Fighting
   142 | D        | Reached skill level 10 in Dodging
   162 | D        | Reached skill level 12 in Unarmed Combat
   181 | D        | Found Dovitosu's Antique Armour Emporium.
   181 | D        | Found Qiastre's Antique Weapon Shoppe.
   181 | D        | Noticed an oklob plant
   182 | D        | Found Wueblet's Antique Weapon Shoppe.
   182 | D        | Found Qouso's Magic Scroll Emporium.
   182 | D        | Found Cuuleagg's Book Shoppe.
   232 | D        | Bought a ring of flight for 245 gold pieces
   301 | D        | Noticed an elephant
   301 | D        | Noticed a centaur warrior
   301 | D        | Noticed Kirke
   301 | D        | Noticed a kobold demonologist
   301 | D        | Noticed a yaktaur captain
   301 | D        | Noticed a skeletal warrior
   311 | D        | HP: 5/136 [skeletal warrior/+1 trident of freezing (8)]
   312 | D        | Killed Kirke
   313 | D        | Reached skill level 13 in Unarmed Combat
   313 | D        | Reached XP level 9. HP: 5/105 MP: 8/8
   313 | D        | Shot with an arrow by a centaur warrior

Illustrated notes

Levels and vault maps discovered:
D:        the_violet_keep_of_menkaure [sprint2_stairs_cluster_1,
          sprint2_shoproom, sprint2_temple, sprint2_basic_supplies,
          sprint2_obstacle_7, sprint2_obstacle_4, sprint2_obstacle_6,
          sprint2_obstacle_3, sprint2_obstacle_1, sprint2_timed_cluster_1,
          sprint2_smallroom_cluster_1, sprint2_smallroom_final_cluster_1,
          sprint2_transparent_cluster_1, sprint2_second_timed_cluster_1,
          sprint2_sniper_area_1, sprint2_heavy_combat_area_1,
          sprint2_mutation_trap_area_1, sprint2_forest_area_1,
          sprint2_light_combat_area_1, sprint2_behind_water_1,
          sprint2_near_end_vault_1]

Skill      XL: |  1  2  3  4  5  6  7  8 |
---------------+-------------------------+-----
Fighting       | 4 5 7 8 9 11 | 11.2
Dodging        | 4 5 7 9 11 | 11.1
Unarmed Combat | 5 6 8 9 11 13 | 13.1

Action                     |  1- 3 |  4- 6 |  7- 9 || total
---------------------------+-------+-------+-------++-------
  Melee: Unarmed           |     7 |    22 |    40 ||    69
         Punch             |     1 |     1 |     4 ||     6
 Invoke: Berserk           |       |     1 |     2 ||     3
         Brothers in Arms  |       |       |     1 ||     1
 Armour: Animal skin       |     4 |    19 |    23 ||    46
         Skin              |       |       |     2 ||     2
  Dodge: Dodged            |     3 |    10 |    12 ||    25

Table legend: (Time is in decaauts)
 A = Elapsed time spent in this place.
 B = Non-inter-level travel time spent in this place.
 C = Inter-level travel time spent in this place.
 D = Time resting spent in this place.
 E = Time spent auto-exploring this place.
 F = Levels seen in this place.
 G = Mean time per level.
                   A        B        C        D        E       F      G
               +--------+--------+--------+--------+--------+-----+--------+
         Total |    316 |    290 |     26 |     38 |     30 |   1 |  316.0 |
       Dungeon |    316 |    290 |     26 |     38 |     30 |   1 |  316.0 |
               +--------+--------+--------+--------+--------+-----+--------+

Top non-repeatable levels by time:
       D: 316 daAuts
